 Dungeon Crawl Stone Soup version 0.23.0-3-gf3c87f2df8 (webtiles) character file.

Game seed: 16430009527258267093

312 Kass the Conjurer (level 6, -1/38 HPs)
             Began as an Octopode Wizard on Feb 22, 2019.
             Was a Believer of Lugonu.
             Killed by nerve-wracking pain
             ... invoked by Grinder
              (14 damage)
             ... on level 5 of the Dungeon.
             The game lasted 00:16:26 (5115 turns).

Kass the Conjurer (Octopode Wizard)                 Turns: 5115, Time: 00:16:27

Health: -1/38      AC:  1    Str:  6    XL:     6   Next: 42%
Magic:  3/10       EV: 14    Int: 22    God:    Lugonu [**....]
Gold:   185        SH:  0    Dex: 11    Spells: 2/11 levels left

rFire    . . .     SeeInvis .   j - +0 dagger
rCold    . . .     Gourm    .   (no shield)
rNeg     . . .     Faith    .   a - +0 hat
rPois    .         Spirit   .   f - amulet of regeneration
rElec    .         Reflect  .   (no ring)
rCorr    .         Harm     .   (no ring)
MR       .....                  (no ring)
Stlth    ++++......             (no ring)
HPRegen  0.52/turn              (no ring)
MPRegen  0.12/turn              (no ring)
                                (no ring)
                                (no ring)

@: no status effects
A: almost no armour, stealthy swim, amphibious, 8 rings, constrict 8, camouflage
1, gelatinous body 1
a: Depart the Abyss, Bend Space, Renounce Religion


You were on level 5 of the Dungeon.
You worshipped Lugonu.
Lugonu was pleased with you.
You were hungry.

You visited 2 branches of the dungeon, and saw 6 of its levels.

You collected 185 gold pieces.

Inventory:

Hand Weapons
 j - a +0 dagger (weapon)
Armour
 a - a +0 hat (worn)
Jewellery
 f - an amulet of regeneration (around mantle)
Scrolls
 b - 7 scrolls of identify {unknown}
 d - 4 scrolls of remove curse {unknown}
 g - a scroll of immolation {unknown}
 i - a scroll of acquirement {unknown}
 m - 3 scrolls of amnesia {unknown}
 o - 2 scrolls of fear {unknown}
 p - a scroll of teleportation {unknown}
 q - a scroll of magic mapping {unknown}
Potions
 e - 2 potions of lignification {unknown}
 h - a potion of berserk rage {unknown}
 k - 4 potions of mutation {unknown}
 l - 2 potions of curing {unknown}
 n - 2 potions of brilliance {unknown}
Comestibles
 c - 7 rations


   Skills:
 + Level 1.5 Fighting
 + Level 3.2 Dodging
 + Level 4.5 Stealth
 - Level 3.0 Spellcasting
 + Level 4.6 Conjurations
 - Level 1.0 Summonings
   Level 1.0 Translocations
 + Level 0.9 Invocations


You had 2 spell levels left.
You knew the following spells:

 Your Spells              Type           Power        Failure   Level  Hunger
a - Magic Dart            Conj           ###.         1%          1    None
b - Call Imp              Summ           #.......     12%         2    ##.....
c - Mephitic Cloud        Conj/Pois/Air  ##......     21%         3    ###....
d - Conjure Flame         Conj/Fire      ##......     14%         3    ###....

Your spell library contained the following spells:

 Spells                   Type           Power        Failure   Level  Hunger
 Blink                    Tloc           N/A          12%         2    ##.....
 Slow                     Hex            #.......     19%         2    ##.....


Dungeon Overview and Level Annotations

Branches:
Dungeon (5/15)             Temple (1/1) D:4

Altars:
Ashenzari
Elyvilon
Fedhas
Gozag
Hepliaklqana
Kikubaaqudgha
Nemelex Xobeh
Okawaru
Qazlal
Ru
Sif Muna
Trog
Uskayaw
Vehumet
Wu Jian
Yredelemnul
The Shining One
Lugonu

Annotations:
D:5 Dowan, Duvessa, Grinder


Innate Abilities, Weirdness & Mutations

You cannot wear most types of armour.
You are very stealthy in the water. (Stealth+)
You are amphibious.
You can wear up to eight rings at the same time.
You can use your tentacles to constrict eight enemies at once.
Your skin changes colour to match your surroundings (Stealth+).
Your rubbery body absorbs attacks. (AC +1, EV +1)


Message History

Grinder hits you!
You writhe in agony.
Casting: Magic Dart (safe; 1% risk of failure)
Confirm with . or Enter, or press ? or * to list all spells.
A beastly little devil appears in a puff of flame.
Grinder hits you!
You writhe in agony.
Your iron imp hits Grinder!
Grinder gestures at you.
You suddenly lose the ability to move!
Your iron imp barely misses Grinder.
Your crimson imp closely misses Grinder.
Grinder gestures at you. You resist with significant effort.
Grinder gestures at you.
You shrug off the repeated paralysis!
Your crimson imp hits Grinder but does no damage.
Your iron imp completely misses Grinder.
You can move again.
Found a robe.
Grinder hits you.
You writhe in agony.
Grinder gestures at you. Pain shoots through your body!
You die...

. .....#######
..#.#..#.....#
.......#.....#
.......#.....#
.).....#....<#
.......#.....##
.........55...#
........##.#..#
.......@##.#..#
###......5.#..#
#.
#.##..#.##..#
#.
.......#.##..#
#.######
#..........
###......# ###
#<[....##.##
.........# ...
.....# #..
#...... ###
..... ...
#.....# ..####
##. #.....#


You could see Grinder.

Vanquished Creatures
  2 scorpions
  A bullfrog skeleton (D:4)
  3 worker ants
  3 adders
  An ooze (D:4)
  3 dart slugs
  A leopard gecko (D:3)
  6 orcs
  A ball python (D:4)
  5 giant cockroaches
  16 goblins
  4 hobgoblins (D:1)
  4 jackals (D:4)
  2 quokkas
  7 bats
  2 frilled lizards
  4 kobolds
  A quokka zombie (D:4)
  9 rats
75 creatures vanquished.

Vanquished Creatures (collateral kills)
  Robin (D:2)
  2 orcs
  3 goblins (D:2)
  2 hobgoblins
  2 jackals (D:3)
10 creatures vanquished.

Grand Total: 85 creatures vanquished

Notes
Turn   | Place    | Note
-------+----------+-------------------------------------------
     0 | D:1      | Kass the Octopode Wizard began the quest for the Orb.
     0 | D:1      | Reached XP level 1. HP: 11/11 MP: 4/4
   250 | D:1      | Reached XP level 2. HP: 10/17 MP: 0/6
   418 | D:1      | Learned a level 2 spell: Call Imp
   832 | D:1      | Reached XP level 3. HP: 19/21 MP: 2/7
  1214 | D:2      | Noticed Robin
  1604 | D:2      | Killed Robin
  1604 | D:2      | Reached XP level 4. HP: 26/27 MP: 0/8
  2059 | D:2      | Learned a level 3 spell: Mephitic Cloud
  2063 | D:2      | Learned a level 3 spell: Conjure Flame
  3105 | D:3      | Found a faded altar of an unknown god.
  3111 | D:3      | Became a worshipper of Lugonu the Unformed
  3111 | D:3      | Reached * piety under Lugonu
  3111 | D:3      | Reached ** piety under Lugonu
  3351 | D:4      | Found a glowing golden altar of the Shining One.
  3357 | D:4      | Found a sacrificial altar of Ru.
  3464 | D:4      | Reached XP level 5. HP: 31/31 MP: 0/9
  3683 | D:4      | Found a staircase to the Ecumenical Temple.
  3689 | Temple   | Entered the Ecumenical Temple
  3797 | D:4      | Found a hazy altar of Hepliaklqana.
  4182 | D:4      | Reached skill level 1 in Fighting
  4261 | D:4      | Reached XP level 6. HP: 38/38 MP: 5/10
  4489 | D:5      | Entered Level 5 of the Dungeon
  4931 | D:5      | Noticed Duvessa
  4934 | D:5      | Noticed Dowan
  5098 | D:5      | Noticed Grinder
  5107 | D:5      | Paralysed by Grinder for 4 turns
  5115 | D:5      | Killed from afar by Grinder

Skill      XL: |  1  2  3  4  5 |
---------------+----------------+-----
Conjurations   | 2 3 4 |  4.6
Stealth        | 3 4 |  4.5
Fighting       | 1 |  1.5
Dodging        | 3 |  3.2
Spellcasting   | |  3.0
Summonings     | |  1.0
Translocations | |  1.0
Invocations    | |  0.9

Action                   |  1- 3 |  4- 6 || total
-------------------------+-------+-------++-------
Melee: Unarmed           |    11 |       ||    11
       Tentacles         |     4 |     4 ||     8
       Constrict         |     7 |     6 ||    13
       Dagger            |     4 |    17 ||    21
 Cast: Magic Dart        |    64 |   118 ||   182
       Call Imp          |     5 |    18 ||    23
       Conjure Flame     |       |     3 ||     3
       Mephitic Cloud    |       |     2 ||     2
Invok: Bend Space        |       |     2 ||     2
  Use: Potion            |       |     2 ||     2
 Stab: Sleeping          |     2 |     3 ||     5
  Eat: Chunk             |     2 |     8 ||    10
       Ration            |       |     1 ||     1
Armor: Skin              |     2 |     4 ||     6
Dodge: Dodged            |    17 |    41 ||    58
